Map: 毒茄樹叢 - 天梯版

Players

Namshar

  • Race: Zerg Zerg
  • Spawn Location: 5:00

Nice - Winner!

  • Race: Protoss Protoss
  • Spawn Location: 11:00

Event: IEM Katowice 2020

VOD

Have the link to the VOD?

Description

Time

  • Played on: Feb. 25, 2020, 8:13 a.m.
  • Length: 11:53

All games in this series

Show
View Real Time Build Order
Export as new Build Order

Namshar Zerg 

Build Orders: Hatch First 

Get SALT Encoding   

  12  0:00  Drone  
  13  0:09  Drone  
  14  0:14  Extractor, Drone  
  15  0:21  Overlord  
  15  0:43  Hatchery  
  15  0:47  Drone  
  15  0:50  Drone  
  15  0:54  Drone  
  17  0:58  Drone  
  18  1:08  Extractor  
  17  1:12  Spawning Pool  
  17  1:15  Drone  
  17  1:19  Drone  
  18  1:30  Drone  
  19  1:42  Drone  
  20  1:51  Overlord  
  20  1:59  Queen x2  
  20  2:00  Zergling x2  
  25  2:02  Zergling x2  
  25  2:07  Drone  
  27  2:13  Drone  
  28  2:21  Drone  
  29  2:24  Drone  
  30  2:33  Drone  
  31  2:39  Hatchery, Pneumatized Carapace  
  30  2:44  Drone  
  30  2:47  Drone, Overlord  
  30  2:49  Drone  
  33  2:56  Drone  
  34  3:02  Drone  
  35  3:08  Drone x3  
  38  3:14  Drone x2, Overlord  
  38  3:15  Queen  
  38  3:19  Overlord  
  42  3:23  Metabolic Boost  
  42  3:25  Drone  
  43  3:30  Drone  
  44  3:36  Spore Crawler  
  44  3:37  Spore Crawler, Drone  
  44  3:39  Queen  
  45  3:44  Drone  
  46  3:49  Drone x4  
  50  3:58  Overlord  
  50  3:59  Drone  
  51  4:03  Queen  
  51  4:05  Zergling x4  
  51  4:07  Zergling x2  
  51  4:08  Drone x2  
  58  4:12  Spore Crawler  
  58  4:13  Spore Crawler  
  58  4:16  Drone  
  59  4:17  Drone x3  
  59  4:23  Overlord  
  60  4:25  Drone x4  
  64  4:32  Drone, Roach Warren  
  64  4:33  Drone  
  65  4:41  Overlord x2  
  65  4:44  Extractor  
  62  4:46  Extractor  
  62  4:52  Drone  
  56  4:53  Drone x7  
  56  4:56  Drone  
  64  5:02  Drone  
  64  5:03  Drone x3  
  68  5:07  Overlord  
  68  5:08  Lair  
  68  5:12  Overlord  
  68  5:17  Drone  
  68  5:18  Drone x3  
  68  5:20  Baneling Nest  
  71  5:22  Zergling x4  
  71  5:23  Zergling x2  
  71  5:25  Zergling x4  
  76  5:34  Zergling x6  
  76  5:35  Zergling x2  
  78  5:39  Queen  
  78  5:42  Overlord x2  
  80  5:44  Extractor  
  80  5:48  Drone x6  
  80  5:49  Drone x3  
  88  5:55  Drone  
  86  6:04  Drone x3  
  86  6:08  Queen  
  86  6:09  Queen  
  86  6:10  Zergling x4  
  85  6:12  Zergling x2  
  85  6:13  Zergling x8  
  85  6:15  Queen  
  92  6:22  Zergling x4  
  91  6:27  Drone  
  91  6:28  Drone  
  91  6:36  Drone  
  91  6:37  Drone  
  91  6:41  Extractor  
  91  6:42  Extractor, Centrifical Hooks  
  91  6:45  Drone  
  91  6:47  Evolution Chamber  
  89  6:48  Drone  
  89  6:49  Drone x2  
  89  6:54  Queen  
  92  6:58  Overlord x2  
  92  6:59  Glial Reconstitution  
  94  7:13  Hatchery  
  94  7:15  Drone x4  
  92  7:23  Roach x3  
  92  7:24  Roach x3  
  92  7:27  Zerg Melee Weapons Level 1  
  92  7:29  Baneling  
  104  7:30  Baneling x4  
  104  7:35  Drone x3  
  104  7:44  Overlord x2  
  104  7:49  Queen  
  104  7:50  Spore Crawler  
  104  7:51  Drone x4  
  107  7:53  Ravager x2  
  111  7:59  Overseer, Evolution Chamber  
  111  8:02  Roach  
  111  8:03  Zergling x12, Roach x3  
  111  8:05  Drone x2  
  126  8:16  Infestation Pit  
  126  8:19  Extractor  
  124  8:20  Extractor  
  124  8:21  Overlord x2  
  122  8:32  Baneling x6  
  122  8:33  Zergling x16, Roach x2  
  132  8:43  Ravager x2  
  132  8:44  Baneling x4  
  132  8:46  Drone x2  
  132  8:47  Roach  
  132  8:48  Zergling x8, Roach  
  144  8:51  Ravager x2, Baneling x5  
  144  8:52  Ravager x2  
  144  8:54  Zerg Missile Weapons Level 1  
  147  8:56  Baneling x2  
  147  8:58  Zergling x10, Roach  
  147  8:59  Baneling  
  147  9:00  Baneling x9  
  154  9:05  Zergling x2  
  154  9:06  Zergling x4, Queen  
  157  9:12  Zergling x2, Roach  
  149  9:26  Zergling x8, Roach  
  155  9:35  Zergling x4, Roach  
  137  9:43  Zergling x18, Roach  
  137  9:44  Zergling x6, Queen x2  
  126  9:48  Queen  
  126  9:50  Roach  
  122  9:58  Zergling x2, Roach  
  122  9:59  Zergling x2  
  121  10:02  Zergling x2, Roach  
  121  10:07  Ravager x5  
  121  10:08  Baneling x2  
  121  10:09  Baneling x5  
  121  10:14  Overlord x2  
  125  10:15  Baneling  
  125  10:16  Roach, Baneling x5  
  125  10:17  Zergling x4, Roach x3  
  135  10:23  Baneling  
  135  10:24  Overseer, Baneling x3  
  135  10:27  Queen  
  137  10:32  Drone  
  137  10:33  Drone x4  
  142  10:36  Hatchery  
  142  10:39  Overseer  
  142  10:41  Zergling x4, Roach  
  142  10:42  Baneling x2  
  145  10:43  Baneling x6  
  145  10:47  Drone x4  
  145  10:49  Zergling x2, Roach  
  152  10:53  Zergling x4  
  154  11:01  Zergling x4, Roach  
  154  11:02  Zergling x10  
  152  11:04  Spire  
  152  11:09  Zergling x4  
  152  11:10  Zergling x4  
  150  11:14  Zergling x2, Roach  
  150  11:15  Zergling x8  
  154  11:24  Zergling x4, Roach  
  145  11:28  Zergling x6, Roach  
  145  11:32  Roach  
Show
View Real Time Build Order
Export as new Build Order

Nice Protoss - Winner!

Build Orders: 1 Gate Expand, Oracle Opening, Archon Immortal 

Get SALT Encoding   

  12  0:00  Probe  
  13  0:13  Probe  
  14  0:20  Pylon  
  14  0:25  Probe  
  15  0:32  Assimilator  
  15  0:38  Probe (Chrono Boost)  
  16  0:42  Gateway  
  17  0:50  Probe (Chrono Boost)  
  17  0:55  Probe (Chrono Boost)  
  18  1:04  Probe  
  19  1:16  Probe  
  20  1:23  Nexus  
  20  1:32  Cybernetics Core  
  20  1:38  Assimilator  
  20  1:41  Probe  
  21  1:47  Pylon  
  21  1:53  Probe  
  22  2:05  Probe (Chrono Boost)  
  22  2:06  Stalker (Chrono Boost)  
  23  2:09  Warp Gate  
  26  2:17  Probe (Chrono Boost)  
  26  2:22  Probe (Chrono Boost)  
  26  2:23  Stargate  
  27  2:30  Pylon  
  27  2:36  Probe x2 (Chrono Boost)  
  29  2:40  Adept  
  31  2:45  Probe (Chrono Boost)  
  31  2:47  Probe (Chrono Boost)  
  31  2:50  Probe (Chrono Boost)  
  33  2:56  Probe  
  35  3:02  Probe  
  35  3:04  Gateway  
  36  3:06  Oracle (Chrono Boost)  
  36  3:08  Probe  
  40  3:14  Probe  
  40  3:19  Pylon  
  41  3:20  Probe  
  41  3:26  Probe  
  43  3:32  Probe  
  44  3:36  Assimilator  
  44  3:38  Probe, Assimilator  
  44  3:40  Pylon  
  47  3:41  Oracle (Chrono Boost)  
  47  3:45  Probe  
  49  3:50  Probe  
  49  3:52  Pylon  
  50  3:57  Gateway  
  50  3:58  Probe  
  51  4:07  Probe  
  52  4:10  Probe  
  52  4:11  Phoenix (Chrono Boost)  
  55  4:19  Probe, Adept x2  
  55  4:22  Probe  
  55  4:24  Stargate  
  61  4:29  Pylon  
  61  4:31  Probe  
  61  4:32  Oracle (Chrono Boost)  
  63  4:54  Adept x3  
  63  4:56  Nexus  
  63  4:59  Pylon  
  67  5:01  Oracle (Chrono Boost)  
  70  5:08  Probe x2  
  70  5:09  Pylon  
  72  5:18  Adept x3  
  72  5:20  Probe x2  
  80  5:25  Shield Battery  
  80  5:32  Probe x2  
  82  5:38  Robotics Facility  
  82  5:41  Robotics Facility  
  82  5:44  Probe x2  
  82  5:45  Pylon  
  82  5:49  Sentry x3  
  90  6:04  Probe  
  90  6:07  Forge  
  90  6:08  Twilight Council  
  91  6:13  Sentry x2, Zealot  
  91  6:15  Probe  
  91  6:16  Probe x2  
  100  6:25  Immortal (Chrono Boost)  
  97  6:27  Probe  
  97  6:28  Probe x2  
  102  6:38  Charge  
  97  6:40  Probe  
  97  6:42  Gateway  
  97  6:43  Gateway  
  97  6:44  Pylon, Immortal (Chrono Boost)  
  97  6:45  Protoss Ground Weapons Level 1 (Chrono Boost), Adept x2  
  101  6:59  Zealot  
  103  7:07  Pylon  
  103  7:09  Templar Archives  
  103  7:11  Gateway  
  103  7:14  Immortal (Chrono Boost), Warp Prism (Chrono Boost)  
  101  7:19  Probe x3  
  108  7:25  Assimilator  
  108  7:28  Assimilator  
  108  7:31  Probe  
  108  7:40  Zealot x5  
  118  7:50  Pylon  
  118  7:51  Photon Cannon  
  118  8:05  High Templar x4  
  124  8:11  Gateway, Archon, Nexus  
  125  8:12  Archon  
  125  8:13  Pylon  
  125  8:14  Gateway  
  125  8:16  Gateway  
  125  8:17  Gateway  
  125  8:18  Observer (Chrono Boost)  
  130  8:21  Probe x3  
  130  8:25  Immortal (Chrono Boost)  
  133  8:38  High Templar x2  
  133  8:39  Zealot x4  
  145  8:41  Protoss Ground Weapons Level 2 (Chrono Boost)  
  145  8:42  Archon  
  145  8:57  Photon Cannon  
  145  8:58  Photon Cannon  
  145  9:00  Shield Battery  
  145  9:02  Pylon  
  145  9:05  High Templar x2  
  145  9:08  Archon  
  141  9:21  Zealot x8  
  141  9:23  Zealot x2  
  145  9:28  Zealot  
  145  9:29  Zealot x7  
  155  9:38  Immortal  
  119  9:42  Immortal  
  119  9:50  High Templar x4  
  119  9:51  Zealot x6  
  129  9:56  Archon  
  114  10:07  Probe x4  
  114  10:11  Warp Prism (Chrono Boost)  
  118  10:18  Archon  
  118  10:19  Probe x2  
  122  10:21  High Templar x2, Immortal (Chrono Boost), Zealot  
  122  10:22  Zealot x3  
  122  10:25  Archon  
  138  10:31  Assimilator  
  138  10:33  Pylon  
  138  10:34  Pylon  
  138  10:35  Photon Cannon  
  138  10:36  Assimilator  
  138  10:37  High Templar x2  
  138  10:41  Archon  
  142  10:46  Zealot x5  
  148  11:06  Zealot  
  148  11:07  Zealot x7  
  148  11:10  Zealot  
  148  11:11  Zealot  
  156  11:32  Zealot x10  

Tags
 
Add a new tag
Caveats
  • Supply blocks, unpowered buildings, or Contaminate may cause inaccurate times.
  • Supply counts are checked every 10 seconds.